 Dungeon Crawl Stone Soup version 0.30.1 (webtiles) character file.

Game seed: 4447789339515457964

3241 Dordric the Skirmisher (level 9, -1/49 (51) HPs)
             Began as a Tengu Hunter on July 2, 2023.
             Was a Believer of Fedhas.
             Killed from afar by Psyche (5 damage)
             ... with a bolt of acid
             ... on level 8 of the Dungeon on July 3, 2023.
             The game lasted 00:16:33 (8279 turns).

Dordric the Skirmisher (Tengu Hunter)               Turns: 8279, Time: 00:16:33

HP:   -1/49 (51)    AC:  0    Str: 12    XL:     9   Next: 99%
MP:   10/10         EV: 27    Int: 10    God:    Fedhas [**....]
Gold: 399           SH:  5    Dex: 21    Spells: 8/8 levels left

rFire   + . .        a - melded +2 shortbow
rCold   + . .        (shield currently unavailable)
rNeg    . . .        l - melded +2 leather armour {rC+}
rPois   +            (helmet currently unavailable)
rElec   +            (cloak currently unavailable)
rCorr   +            (gloves currently unavailable)
SInv    .            (boots unavailable)
Will    .....        g - amulet of reflection
Stlth   +            f - melded +4 ring of protection
HPRegen 0.28/turn    (ring currently unavailable)
MPRegen 0.12/turn

%: reflection
@: pig-form, silenced, resistant, flying quickly and evasively, lightly drained,
very quick
A: fast, flying, no casting, small, (beak), (talons 3), nimble flight
a: Renounce Religion


You were on level 8 of the Dungeon.
You worshipped Fedhas.
Fedhas was pleased with you.
You were a filthy swine.
You visited 2 branches of the dungeon, and saw 9 of its levels.

You collected 399 gold pieces.

Inventory:

Hand Weapons
 a - a +2 shortbow (melded)
 j - the +6 short sword of the Enchanting Gods {spect, rC+ rN++ Stlth+}
   (You took it off an orc on level 4 of the Dungeon)

   rC:        It protects you from cold.
   rN:        It greatly protects you from negative energy.
   Stlth:     It makes you more stealthy.
Armour
 c - a +0 leather armour
 l - a +2 leather armour of cold resistance (melded)
 o - a +0 ring mail
 F - a +0 robe of positive energy
Jewellery
 f - a +4 ring of protection (melded)
 g - an amulet of reflection (around neck)
 C - a ring of ice
Wands
 k - a wand of iceblast (6)
 t - a wand of digging (3)
 J - a wand of mindburst (3)
Scrolls
 b - a scroll of immolation
 e - 6 scrolls of teleportation
 p - 3 scrolls of enchant armour
 s - 3 scrolls of magic mapping
 u - a scroll of torment
 v - 3 scrolls of blinking {unknown}
 y - a scroll of amnesia {unknown}
 B - 3 scrolls of identify
 E - a scroll of poison {unknown}
 G - a scroll of fog
 H - 2 scrolls of fear {unknown}
 L - a scroll of noise {unknown}
Potions
 d - 3 potions of heal wounds
 h - a potion of mutation
 i - a potion of lignification {unknown}
 m - 4 potions of curing {unknown}
 n - 3 potions of berserk rage {unknown}
 q - 3 potions of degeneration {unknown}
 w - 3 potions of flight {unknown}
 x - 2 potions of might {unknown}
 z - a potion of brilliance {unknown}
 A - a potion of attraction {unknown}
 D - 3 potions of ambrosia {unknown}
 I - a potion of haste
 K - a potion of magic {unknown}


   Skills:
 - Level 3.2 Fighting
 + Level 11.5 Ranged Weapons
 + Level 10.3 Dodging
 - Level 1.0 Stealth


You had 8 spell levels left.
You didn't know any spells.
Your spell library contained the following spells:

 Spells                   Type           Power      Damage    Failure   Level
 Kiss of Death            Conj/Necr      0%         2d5       36%         1
 Cigotuvi's Dreadful Rot  Necr/Pois/Air  0%         N/A       50%         2
 Confusing Touch          Hex            0%         N/A       75%         3
 Frozen Ramparts          Ice            0%         1d1       75%         3
 Ignite Poison            Fire/Tmut/Pois 0%         N/A       75%         3
 Inner Flame              Hex/Fire       0%         N/A       75%         3
 Ozocubu's Armour         Ice            0%         N/A       75%         3
 Dispel Undead            Necr           0%         3d6       98%         4
 Flame Wave               Conj/Fire      0%         2d4       98%         4
 Ice Form                 Ice/Tmut       0%         N/A       98%         4
 Sticky Flame             Conj/Fire      0%         2d3       98%         4
 Summon Ice Beast         Ice/Summ       0%         N/A       98%         4
 Freezing Cloud           Conj/Ice/Air   0%         6-21      100%        5
 Metabolic Englaciation   Hex/Ice        0%         N/A       100%        5
 Simulacrum               Ice/Necr       0%         N/A       100%        6


Dungeon Overview and Level Annotations

Branches:
Dungeon (8/15)             Temple (1/1) D:4
   Lair: D:8-11

Altars:
Ashenzari
Cheibriados
Dithmenos
Elyvilon
Fedhas
Gozag
Hepliaklqana
Kikubaaqudgha
Makhleb
Nemelex Xobeh
Okawaru
Qazlal
Ru
Sif Muna
Trog
Uskayaw
Vehumet
Wu Jian
Xom
Yredelemnul
Zin
The Shining One

Shops:
D:8 =

Annotations:
D:8 Psyche


Innate Abilities, Weirdness & Mutations

You are a filthy swine.
You move quickly.
You are flying.
Your equipment is almost entirely melded.
You are incapable of wielding weapons or throwing items.
You cannot cast spells.
((You have a beak for a mouth.))
((You have claws for feet.))
Your magical nature lets you fly swiftly and evasively.


Message History

Psyche casts a spell.
Psyche flickers and vanishes!
Deactivating autopickup; reactivate with Ctrl-A.
No target in view!
No target in view!
Fire: a) +2 shortbow
Press: ? - help, Q - select action, (/) - cycle Shift-Dir - straight line You shoot an arrow.
Something hits you but does no damage.
You feel protected.
Unknown command.
Fire: a) +2 shortbow
Press: ? - help, Q - select action, (/) - cycle Shift-Dir - straight line You shoot an arrow.
You hear some strange, mumbled words.
You turn into a filthy swine.
Your +2 shortbow melds into your body.
Your +2 leather armour of cold resistance melds into your body.
Your +4 ring of protection melds into your body.
You feel less resistant to cold.
You barely miss something.
You hear a zap.
A bolt of acid appears from out of thin air!
The bolt of acid hits you! You resist.
You completely miss something. Something hits you!
You hit something but do no damage. Something hits you.
You closely miss something.
You hear a zap.
A bolt of acid appears from out of thin air!
The bolt of acid hits you. You resist.
* * * LOW HITPOINT WARNING * * *
Something hits you!
* * * LOW HITPOINT WARNING * * *
You feel drained.
* * * LOW HITPOINT WARNING * * *
As you read the scroll of silence, it crumbles to dust.
A profound silence engulfs you.
A bolt of acid appears from out of thin air!
The bolt of acid hits you. You resist.
You die...
Fedhas appreciates your contribution to the ecosystem.

##########.############
#.......>................####
#.##.#####.##.#####..........
####....# ##.##...###.####.###.
#.......####........##)# #.#
##.##.........#.......#÷##...h...
...##.##.####...........##.#####.
#..##.##.##...........†.##.#
.^.##.##.##.##.{h......###.#
..###.......##........## #.#
..###.......##.#.....## #.#
............##.##...## #.#
..###..........###.## #.# ..#
##......#### #.#######.# ###
#####..# #.....)...# # #..#
#########.# # #..########## #.#


There were no monsters in sight!

Vanquished Creatures
  Pikel (D:8)
  A yak (D:8)
  Grum (D:8)
  A water moccasin (D:6)
  Duvessa (D:6)
  A sky beast (D:6)
  2 ice beasts
  4 wolves (D:8)
  2 centaurs (D:7)
  An ogre (D:3)
  A kobold brigand (D:8)
  2 bullfrogs
  A scorpion (D:6)
  Dowan (D:6)
  5 wights
  3 hounds
  4 orc priests
  A gnoll bouda (D:6)
  4 iguanas
  9 orc wizards
  A mummy (D:6)
  8 gnolls
  5 adders
  5 shadow imps
  4 white imps
  4 ufetubi
  A dart slug (D:1)
  25 orcs
  4 ball pythons
  8 endoplasms
  4 giant cockroaches
  8 goblins
  8 hobgoblins
  A jackal (D:4)
  6 kobolds
  2 quokkas
  3 bats
  10 rats
153 creatures vanquished.

Vanquished Creatures (others)
  A kobold (D:8)
1 creature vanquished.

Grand Total: 154 creatures vanquished

Notes
Turn   | Place    | Note
-------+----------+-------------------------------------------
     0 | D:1      | Dordric the Tengu Hunter began the quest for the Orb.
     0 | D:1      | Reached XP level 1. HP: 12/12 MP: 2/2
   242 | D:1      | Reached skill level 5 in Ranged Weapons
   242 | D:1      | Reached XP level 2. HP: 11/17 MP: 3/3
   474 | D:1      | Reached XP level 3. HP: 21/21 MP: 4/4
  1169 | D:2      | Found a basalt altar of Yredelemnul.
  1287 | D:2      | You fall into a shaft and drop 2 floors!
  1910 | D:3      | Reached XP level 4. HP: 27/27 MP: 5/5
  2018 | D:3      | Gained mutation: Your magical nature lets you fly swiftly
                  | and evasively. [Tengu growth]
  2018 | D:3      | Reached XP level 5. HP: 11/32 MP: 6/6
  2221 | D:3      | Noticed an ogre
  2279 | D:3      | Killed an ogre
  2280 | D:3      | Reached skill level 6 in Ranged Weapons
  2977 | D:4      | Found a staircase to the Ecumenical Temple.
  3033 | Temple   | Entered the Ecumenical Temple
  3374 | Temple   | Became a worshipper of Fedhas Madash
  3434 | D:4      | Reached XP level 6. HP: 37/37 MP: 7/7
  3528 | D:5      | Entered Level 5 of the Dungeon
  4026 | Temple   | Reached skill level 7 in Ranged Weapons
  4197 | D:4      | Reached XP level 7. HP: 30/39 MP: 8/8
  4283 | D:5      | Reached skill level 5 in Dodging
  4538 | D:5      | Identified the +6 short sword of the Enchanting Gods
                  | {spect, rC+ rN++ Stlth+}
  5080 | D:5      | Reached * piety under Fedhas
  5119 | D:5      | Reached skill level 8 in Ranged Weapons
  5279 | D:4      | Found a sacrificial altar of Ru.
  5290 | D:4      | Reached XP level 8. HP: 35/46 MP: 9/9
  6019 | D:6      | Found an iron altar of Okawaru.
  6048 | D:6      | Found a snail-covered altar of Cheibriados.
  6105 | D:6      | Reached ** piety under Fedhas
  6199 | D:6      | Reached skill level 9 in Ranged Weapons
  6274 | D:6      | Found a white marble altar of Elyvilon.
  6595 | D:6      | Noticed Dowan
  6596 | D:6      | Noticed Duvessa
  6602 | D:6      | Killed Dowan
  6615 | D:6      | HP: 1/46 [Duvessa/+3 short sword (6)]
  6826 | D:6      | Found a glowing golden altar of the Shining One.
  6949 | D:6      | Killed Duvessa
  7205 | D:6      | Reached XP level 9. HP: 49/51 MP: 10/10
  7337 | D:6      | Reached skill level 10 in Ranged Weapons
  7476 | D:7      | Found an opulent altar of Gozag.
  7490 | D:7      | Identified the +0 spear of Destiny {holy, rN+}
  7667 | D:7      | Found a hazy altar of Hepliaklqana.
  7718 | D:7      | Found a shimmering blue altar of Sif Muna.
  7955 | D:8      | Noticed Pikel
  7970 | D:8      | Killed Pikel
  8017 | D:8      | Noticed Grum
  8035 | D:8      | Killed Grum
  8036 | D:8      | Reached skill level 11 in Ranged Weapons
  8042 | D:8      | Reached skill level 10 in Dodging
  8126 | D:8      | Found Fugeurem's Jewellery Shop.
  8161 | D:8      | Reached *** piety under Fedhas
  8196 | D:8      | Noticed Psyche
  8279 | D:8      | Killed from afar by Psyche

Illustrated notes

Levels and vault maps discovered:
D:1:      psy_arrival_radial02, layout_basic, minmay_rat_gold_closets
D:2:      layout_loops_cross, basic_altar
D:3:      layout_basic, hangedman_decor_clover_reticule,
          minmay_misc_feat_four_crosses, grunt_ministairs_15
D:4:      layout_basic, overflow_temple_1_default, temple_doors_e,
          minmay_hedge_maze, kennysheep_opposing_triangles
D:5:      layout_cave_pools, serial_demonic, serial_demonic_d, serial_demonic_a,
          serial_demonic_c, serial_demonic_f
D:6:      layout_rooms, nicolae_elyvilon_temple_path,
          mainiacjoe_overflow_alcove_1, slow_altar_1, okawaru_altar_gauntlet_db,
          minmay_misc_feat_columns, uniq_duvessa
D:7:      layout_basic, mainiacjoe_overflow_small_starburst,
          mainiacjoe_overflow_cross_hatched, worldfamousw_hep_ancestral_shrine
D:8:      layout_loops_ring, serial_shops, kennysheep_mini, kennysheep_donut,
          kennysheep_potato, uniq_pikel, uniq_grum, uniq_psyche, uniq_maggie
Temple:   nicolae_temple_figure_eight

Skill      XL: |  1  2  3  4  5  6  7  8  9 |
---------------+----------------------------+-----
Ranged Weapons | 5 6 7 8 9 11 | 11.5
Fighting       | 3 |  3.2
Dodging        | 3 4 6 8 10 | 10.3
Stealth        | |  1.0

Action                     |  1- 3 |  4- 6 |  7- 9 || total
---------------------------+-------+-------+-------++-------
  Melee: Short sword       |       |       |    37 ||    37
         Kick              |       |       |     9 ||     9
         Peck              |       |       |     7 ||     7
         Shortbow          |       |       |     1 ||     1
         Unarmed           |       |       |     4 ||     4
   Fire: Shortbow          |    92 |   103 |   384 ||   579
 Invoke: Wall of Briars    |       |       |     4 ||     4
  Evoke: Wand              |       |     3 |       ||     3
    Use: Scroll            |     1 |       |    13 ||    14
   Stab: Sleeping          |       |       |     1 ||     1
 Armour: Leather armour    |     6 |    15 |    38 ||    59
  Dodge: Dodged            |    17 |    49 |   175 ||   241
  Block: Other             |     6 |    18 |    50 ||    74
         Reflection        |       |       |     7 ||     7
